 Dungeon Crawl Stone Soup version 0.27-a0-1200-g94dc6ad4cf (webtiles) character file.

Game seed: 1287411610143677464

3194 pilgrim the Covert (level 9, -7/35 (39) HPs)
             Began as a Spriggan Enchanter on May 31, 2021.
             Mangled by a boulder beetle (28 damage)
             ... on level 8 of the Dungeon.
             The game lasted 00:42:20 (13335 turns).

pilgrim the Covert (Spriggan Enchanter)            Turns: 13335, Time: 00:42:21

HP:   -7/35 (39)    AC:  7    Str:  4    XL:     9   Next: 64%
MP:   11/17         EV: 23    Int: 18    God:
Gold: 401           SH:  0    Dex: 17    Spells: 12/18 levels left

rFire    + . .     SeeInvis +   a - +1 dagger (vamp)
rCold    . . .     Faith    .   (shield restricted)
rNeg     . . .     Spirit   .   b - +0 robe
rPois    .         Reflect  .   y - +2 hat
rElec    .         Harm     .   l - +2 cloak
rCorr    .         Rampage  .   (gloves unavailable)
Will     +....                  (boots unavailable)
Stlth    +++++.....             (no amulet)
HPRegen  0.11/turn              k - ring of protection from fire
MPRegen  0.15/turn              (no ring)

@: confusing by touch, heavily drained, very quick
A: very small, no large weapons, unfitting armour, see invisible, speed 3
a: no special abilities


You were on level 8 of the Dungeon.
You visited 2 branches of the dungeon, and saw 9 of its levels.
You also visited: Ossuary.

You collected 401 gold pieces.

Inventory:

Hand Weapons
 a - a +1 vampiric dagger (weapon)
 j - a +0 trident
Armour
 b - a +0 robe (worn)
 l - a +2 cloak (worn)
 y - a +2 hat (worn)
Jewellery
 k - a ring of protection from fire (left hand)
 B - an amulet of reflection
Scrolls
 f - 6 scrolls of enchant armour {unknown}
 h - 3 scrolls of summoning {unknown}
 i - 2 scrolls of identify
 m - 2 scrolls of enchant weapon {unknown}
 n - 2 scrolls of teleportation {unknown}
 o - a scroll of noise {unknown}
 r - 2 scrolls of amnesia {unknown}
 s - a scroll of immolation
 t - 3 scrolls of fear {unknown}
 u - a scroll of magic mapping {unknown}
 v - a scroll of fog {unknown}
 w - a scroll of blinking {unknown}
 A - a scroll of vulnerability {unknown}
Potions
 c - 6 potions of attraction
 d - a potion of cancellation
 e - 2 potions of lignification {unknown}
 g - 8 potions of curing
 p - 2 potions of brilliance
 q - a potion of haste {unknown}
 x - a potion of mutation {unknown}
 z - a potion of flight {unknown}
 C - a potion of heal wounds {unknown}
 D - a potion of magic {unknown}


   Skills:
 + Level 8.3 Short Blades
 + Level 9.9 Dodging
 + Level 12.0 Stealth
 - Level 5.0 Spellcasting
 - Level 5.0 Hexes


You had 12 spell levels left.
You knew the following spells:

 Your Spells              Type           Power      Damage    Failure   Level
a - Corona                Hex            24%        N/A       1%          1
b - Ensorcelled Hibernat  Hex/Ice        26%        N/A       7%          2
c - Confusing Touch       Hex            22%        N/A       4%          3

Your spell library contained the following spells:

 Spells                   Type           Power      Damage    Failure   Level
 Slow                     Hex            22%        N/A       2%          2
 Tukima's Dance           Hex            22%        N/A       4%          3
 Animate Skeleton         Necr           8%         N/A       13%         1
 Pain                     Necr           16%        1d4       13%         1
 Dazzling Flash           Conj/Hex       26%        N/A       14%         3
 Inner Flame              Hex/Fire       13%        N/A       14%         3
 Portal Projectile        Hex/Tloc       26%        N/A       14%         3
 Cause Fear               Hex            11%        N/A       17%         4
 Static Discharge         Conj/Air       4%         N/A       21%         2
 Vampiric Draining        Necr           2%         2d6       36%         3
 Leda's Liquefaction      Hex/Erth       6%         N/A       43%         4
 Animate Dead             Necr           2%         N/A       78%         4
 Agony                    Necr           4%         N/A       98%         5
 Lightning Bolt           Conj/Air       2%         1d13      98%         5
 Ignition                 Fire           2%         3d3       100%        8
 Shatter                  Erth           2%         3d6*      100%        9
 Tornado                  Air            2%         N/A       100%        9


Dungeon Overview and Level Annotations

Branches:
Dungeon (8/15)             Temple (1/1) D:5         Ossuary (visited)
   Lair: D:8-11

Altars:
Ashenzari
Cheibriados
Dithmenos
Elyvilon
Gozag
Makhleb
Nemelex Xobeh
Okawaru
Qazlal
Sif Muna
Trog
Vehumet
Wu Jian
Xom
The Shining One

Annotations:
D:7 2 transporters, Duvessa; GrimJard's ghost, novice MiBe


Innate Abilities, Weirdness & Mutations

You are very small and have problems with some larger weapons.
You are too small for most types of armour.
You have supernaturally acute eyesight. (SInv)
You cover ground extremely quickly. (Speed+++)


Message History

You completely miss the boulder beetle.
The boulder beetle is almost dead.
The boulder beetle leaps!
There is a stone staircase leading up here.
You start resting.
A boulder beetle is nearby!
The boulder beetle misses you.
You are too injured to fight recklessly!
You are too injured to fight recklessly!
You are too injured to fight recklessly!
You are too injured to fight recklessly!
You hit the boulder beetle but do no damage.
The boulder beetle is almost dead.
You hit the boulder beetle but do no damage.
The boulder beetle is almost dead.
The boulder beetle waves its antennae.
The boulder beetle completely misses you.
You hit the boulder beetle but do no damage.
The boulder beetle is almost dead.
The boulder beetle leaps!
Your hands stop glowing.
Casting: Confusing Touch (dangerous; 4% risk of failure)
Confirm with . or Enter, or press ? or * to list all spells.
Aiming: Ensorcelled Hibernation (safe; 7% risk of failure)
Press: ? - help, Shift-Dir - straight line, f - boulder beetle
Aim: a boulder beetle (almost dead, chance to affect: 27%)
The boulder beetle easily resists.
The boulder beetle curls into a ball and begins rolling!
There is a stone staircase leading up here.
Casting: Ensorcelled Hibernation (safe; 7% risk of failure)
Confirm with . or Enter, or press ? or * to list all spells.
Aiming: Ensorcelled Hibernation (safe; 7% risk of failure)
Press: ? - help, Shift-Dir - straight line, f/p - boulder beetle
Aim: a boulder beetle (almost dead, rolling, chance to affect: 27%)
Okay, then.
Casting: Ensorcelled Hibernation (safe; 7% risk of failure)
Confirm with . or Enter, or press ? or * to list all spells.
Your hands begin to glow red.
The boulder beetle hits you!!
Ouch! That really hurt!
You die...

......# ..
...........
..........#
........#.#
........#.#
.........=#
..........######.
........B........
.......○#@.......
.......B#...#####
........°...##
........#....##
...?...##.....#
....... ##.....#
....... .<.....
...###. .......
... ## .[.....


You could see a boulder beetle (rolling).

Vanquished Creatures
  Pikel (D:3)
  3 black bears
  The ghost of jather the Skirmisher, an amateur HOFi (D:4)
  An ice beast (D:6)
  A sky beast (D:6)
  2 ogres
  A necrophage (D:6)
  2 centaurs
  3 lemures (D:3)
  An elf zombie (Ossuary)
  A bullfrog (D:7)
  2 scorpions
  2 gnoll sergeants
  A wyvern zombie (D:7)
  A wyvern skeleton (D:7)
  Dowan (D:7)
  7 wights
  4 howler monkeys
  3 jellies
  2 hounds
  An orc priest (D:3)
  2 centaur skeletons
  4 iguanas
  An orc wizard (D:3)
  A scorpion zombie (D:4)
  A hound zombie (Ossuary)
  2 hound skeletons
  4 mummies (Ossuary)
  14 gnolls
  11 adders
  A shadow imp (D:6)
  A white imp (D:7)
  3 adder skeletons
  A worm (D:2)
  3 dart slugs
  14 orcs
  6 ball pythons
  7 endoplasms
  2 giant cockroaches
  11 goblins
  7 hobgoblins
  8 kobolds
  3 quokkas
  10 frilled lizards
  2 gnoll zombies (Ossuary)
  4 goblin zombies (Ossuary)
  A jackal zombie (Ossuary)
  A kobold zombie (Ossuary)
  An orc zombie (Ossuary)
  8 rats
  A rat zombie (Ossuary)
176 creatures vanquished.

Vanquished Creatures (others)
  46 plants (D:4)
46 creatures vanquished.

Grand Total: 222 creatures vanquished

Notes
Turn   | Place    | Note
-------+----------+-------------------------------------------
     0 | D:1      | pilgrim the Spriggan Enchanter began the quest for the Orb.
     0 | D:1      | Reached XP level 1. HP: 9/9 MP: 5/5
   588 | D:1      | Reached XP level 2. HP: 13/13 MP: 6/6
   600 | D:1      | Learned a level 2 spell: Ensorcelled Hibernation
   858 | D:1      | Reached skill level 5 in Stealth
   858 | D:1      | Reached XP level 3. HP: 9/16 MP: 2/8
  2135 | D:2      | Reached XP level 4. HP: 21/21 MP: 9/9
  2387 | D:2      | Found a faded altar of an unknown god.
  2766 | D:3      | Found a snail-covered altar of Cheibriados.
  3675 | D:3      | Found an iron altar of Okawaru.
  3884 | D:4      | Noticed a lemure
  3884 | D:4      | Noticed Pikel
  3884 | D:4      | Noticed a lemure
  3884 | D:4      | Noticed a lemure
  4068 | D:3      | Found a snail-covered altar of Cheibriados.
  4200 | D:3      | Found an iron altar of Okawaru.
  4325 | D:3      | Reached XP level 5. HP: 24/24 MP: 1/10
  4418 | D:3      | Reached skill level 6 in Stealth
  4874 | D:3      | Killed a lemure
  5011 | D:4      | Noticed a lemure
  5027 | D:3      | Killed a lemure
  5190 | D:3      | Killed a lemure
  6073 | D:4      | Noticed an ogre
  6083 | D:4      | Killed an ogre
  6084 | D:4      | Reached XP level 6. HP: 28/28 MP: 9/12
  6173 | D:4      | Reached skill level 5 in Dodging
  6404 | D:3      | Reached skill level 7 in Stealth
  6991 | D:4      | Reached XP level 7. HP: 32/32 MP: 5/14
  7305 | D:3      | Killed Pikel
  7306 | D:3      | Reached skill level 5 in Short Blades
  7306 | D:3      | Reached skill level 8 in Stealth
  7306 | D:3      | Reached skill level 5 in Spellcasting
  7306 | D:3      | Reached XP level 8. HP: 34/36 MP: 4/16
  7848 | D:4      | Found a runed translucent door.
  7849 | D:4      | Noticed jather's ghost (amateur HOFi)
  9557 | D:3      | Learned a level 3 spell: Confusing Touch
  9668 | D:4      | Killed jather's ghost
  9669 | D:4      | Reached skill level 9 in Stealth
  9790 | D:5      | Entered Level 5 of the Dungeon
 10043 | D:5      | Found a sand-covered staircase.
 10053 | Ossuary  | Entered an ossuary
 10712 | D:5      | Found a staircase to the Ecumenical Temple.
 10718 | Temple   | Entered the Ecumenical Temple
 10928 | D:5      | Reached skill level 10 in Stealth
 11159 | D:6      | Reached skill level 5 in Hexes
 11306 | D:6      | Reached XP level 9. HP: 39/39 MP: 12/17
 11882 | D:6      | Reached skill level 11 in Stealth
 12167 | D:7      | Found a sparkling altar of Nemelex Xobeh.
 12219 | D:7      | Noticed Duvessa
 12222 | D:7      | Noticed Dowan
 12223 | D:7      | Found a transporter.
 12224 | D:7      | Found a transporter.
 12224 | D:7      | Noticed GrimJard's ghost (novice MiBe)
 12224 | D:7      | Noticed a kobold demonologist
 12922 | D:7      | Found a shadowy altar of Dithmenos.
 12955 | D:7      | Killed Dowan
 13263 | D:7      | Reached skill level 12 in Stealth
 13301 | D:8      | Noticed a boulder beetle
 13335 | D:8      | Mangled by a boulder beetle

Illustrated notes

Levels and vault maps discovered:
D:1:      heliophobic_arrival_glass_houses, layout_basic
D:2:      layout_rooms, basic_ecumenical_altar, minmay_pentomino_pile
D:3:      layout_basic, okawaru_gym_becter, amcnicky_altar_gilded
D:4:      layout_basic, serial_bayou, serial_bayou_ford_a, serial_bayou_shore_a,
          serial_bayou_lagoon_a, serial_bayou_pond_c, ebering_ghost_inner_flame,
          ebering_dispersal_statue_hall, uniq_pikel
D:5:      kb_forest_paths, layout_loops_ring,
          chequers_temple_overflow_statue_of_worship, minmay_temple_entry_fiery,
          enter_ossuary_1, kennysheep_potato
D:6:      layout_rooms, roderic_lattice_a
D:7:      layout_rooms, lemuel_tele_altar, zin_statuary, general_overflow_altar,
          gammafunk_ghost_arena, lightli_corner_chamber, uniq_duvessa
D:8:      layout_rooms, lightli_bailey_entry_fortress
Temple:   jpeg_temple_clearing

Skill      XL: |  1  2  3  4  5  6  7  8  9 |
---------------+----------------------------+-----
Dodging        | 3 4 5 6 8 9 |  9.9
Hexes          | 4 5 |  5.0
Stealth        | 5 6 7 8 10 12 | 12.0
Short Blades   | 2 3 4 5 7 8 |  8.3
Spellcasting   | 3 4 5 |  5.0

Action                   |  1- 3 |  4- 6 |  7- 9 || total
-------------------------+-------+-------+-------++-------
Melee: Dagger            |    82 |   162 |   323 ||   567
 Cast: Ensorcelled Hiber |    26 |    86 |    63 ||   175
       Corona            |     3 |     4 |     1 ||     8
       Confusing Touch   |       |       |    30 ||    30
  Use: Scroll            |       |       |     4 ||     4
 Stab: Sleeping          |    27 |    48 |    42 ||   117
       Confused          |       |       |    24 ||    24
       Distracted        |       |       |     1 ||     1
Armor: Robe              |     6 |    24 |    33 ||    63
Dodge: Dodged            |    58 |   127 |   261 ||   446

Table legend: (Time is in decaauts)
 A = Elapsed time spent in this place.
 B = Non-inter-level travel time spent in this place.
 C = Inter-level travel time spent in this place.
 D = Time resting spent in this place.
 E = Time spent auto-exploring this place.
 F = Levels seen in this place.
 G = Mean time per level.
                   A        B        C        D        E       F      G
               +--------+--------+--------+--------+--------+-----+--------+
         Total |  10186 |   9636 |    550 |   2598 |   5024 |  10 | 1018.6 |
       Dungeon |   9843 |   9300 |    543 |   2588 |   4835 |   8 | 1230.4 |
        Temple |     58 |     51 |      7 |      0 |     49 |   1 |   58.0 |
       Ossuary |    285 |    285 |      0 |      9 |    139 |   1 |  285.0 |
               +--------+--------+--------+--------+--------+-----+--------+

Top non-repeatable levels by time:
     D:3: 2973 daAuts
     D:4: 2256 daAuts
     D:1: 1526 daAuts
     D:6: 1180 daAuts
     D:2: 743 daAuts
     D:5: 692 daAuts
     D:7: 447 daAuts
 Ossuary: 285 daAuts
  Temple: 58 daAuts
     D:8: 22 daAuts
